 Dungeon Crawl Stone Soup version 0.23.2-30-g0e89c35649 (webtiles) character file.

Game seed: 16087793130264992152

1351 myga the Firebug (level 8, -1/59 HPs)
             Began as a Red Draconian Fire Elementalist on June 9, 2019.
             Was a Believer of Nemelex Xobeh.
             Slain by a quokka (4 damage)
             ... on level 6 of the Dungeon.
             The game lasted 00:22:57 (5940 turns).

myga the Firebug (Red Draconian Fire Elementalist)  Turns: 5940, Time: 00:22:57

Health: -1/59      AC:  8    Str: 11    XL:     8   Next: 36%
Magic:  1/14       EV: 13    Int: 15    God:    Nemelex Xobeh [**....]
Gold:   239        SH:  0    Dex: 14    Spells: 3/16 levels left

rFire    + + .     SeeInvis .   h - staff of conjuration
rCold    x . .     Gourm    .   (no shield)
rNeg     . . .     Faith    .   (armour unavailable)
rPois    .         Spirit   .   (helmet restricted)
rElec    .         Reflect  .   (no cloak)
rCorr    +         Harm     .   d - +0 pair of gloves (curse)
MR       .....                  j - +0 pair of boots
Stlth    +++.......             (no amulet)
HPRegen  0.19/turn              l - ring of resist corrosion
MPRegen  0.14/turn              u - ring of fire

@: very slightly contaminated
A: breathe fire, unfitting armour, fire resistance 1, cold-blooded, AC +6
a: Breathe Fire, Draw Escape, Draw Destruction, Draw Summoning, Renounce
Religion


You were on level 6 of the Dungeon.
You worshipped Nemelex Xobeh.
Nemelex Xobeh was pleased with you.
You were not hungry.

You visited 1 branch of the dungeon, and saw 6 of its levels.

You collected 239 gold pieces.

Inventory:

Hand Weapons
 q - a +3 dagger
Missiles
 g - 116 stones (quivered)
Armour
 d - a cursed +0 pair of gloves (worn)
 j - a +0 pair of boots (worn)
Magical Staves
 h - an uncursed staff of conjuration (weapon)
Jewellery
 l - a ring of resist corrosion (left hand)
 u - a ring of fire (right hand)
Wands
 m - a wand of iceblast (7)
Scrolls
 a - a scroll of remove curse
 f - a scroll of random uselessness {unknown}
 i - a scroll of fear {unknown}
 n - 2 scrolls of teleportation
 o - a scroll of blinking {unknown}
 p - a scroll of fog {unknown}
 t - a scroll of enchant armour {unknown}
 v - a scroll of magic mapping {unknown}
 w - a scroll of amnesia {unknown}
Potions
 c - a potion of flight
 e - 2 potions of curing
 k - 2 potions of cancellation
 r - a potion of lignification
 s - a potion of brilliance
 x - a potion of might {unknown}
 z - a potion of mutation {unknown}
Comestibles
 b - 10 rations
 A - 3 chunks of flesh


   Skills:
 + Level 1.5 Fighting
 + Level 2.0 Short Blades
 + Level 0.7 Staves
 + Level 2.9 Dodging
 + Level 4.2 Stealth
 + Level 4.5 Spellcasting
 + Level 4.0 Conjurations
 + Level 6.5 Fire Magic
 * Level 4.0 Invocations


You had 3 spell levels left.
You knew the following spells:

 Your Spells              Type           Power        Failure   Level  Hunger
a - Flame Tongue          Conj/Fire      #####        1%          1    None
b - Throw Flame           Conj/Fire      #####.       3%          2    ##.....
c - Conjure Flame         Conj/Fire      #####...     6%          3    ###....
d - Inner Flame           Hex/Fire       ###.....     14%         3    ###....
e - Sticky Flame          Conj/Fire      #####...     21%         4    ####...

Your spell library contained the following spells:

 Spells                   Type           Power        Failure   Level  Hunger
 Fireball                 Conj/Fire      #####.....   50%         5    ######.


Dungeon Overview and Level Annotations

Branches:
Dungeon (6/15)
 Temple: D:4-7

Altars:
Ashenzari
Elyvilon
Nemelex Xobeh
Okawaru
Qazlal
Xom
Yredelemnul

Annotations:
D:3 1 transporter, caleiya's ghost, amateur GrFi


Innate Abilities, Weirdness & Mutations

You can breathe blasts of fire.
Your fiery red scales are hard. (AC +6)
You cannot fit into any form of body armour.
Your flesh is heat resistant. (rF+)
You are cold-blooded and may be slowed by cold attacks.


Message History

Casting: Flame Tongue (safe; 2% risk of failure)
Confirm with . or Enter, or press ? or * to list all spells.
Aiming: Flame Tongue (safe; 2% risk of failure)
Press: ? - help, Shift-Dir - straight line, f/p - quokka
Aim: a quokka (moderately wounded)
You feel a strong surge of power!
The flame tongue hits the black bear!
You kill the black bear!
Your Conjurations skill increases to level 4!
Your Invocations skill increases to level 4!
Casting: Flame Tongue (safe; 1% risk of failure)
Confirm with . or Enter, or press ? or * to list all spells.
Aiming: Flame Tongue (safe; 1% risk of failure)
Press: ? - help, Shift-Dir - straight line, f/p - quokka
Aim: a quokka (moderately wounded)
You feel a strong surge of power!
The flame tongue hits the quokka but does no damage.
The quokka is moderately wounded.
The quokka barely misses you. The quokka bites you.
You die...
Your body disappears without a glow.

.......#...# #....#
#......#...# +....+
#......#..#####....#
#......#..###......#
+......#....'.....<#
#......#....#...).(#
.......'....#.Y.)..#
.......######..r...#
................@..#
...................#
.(.............<...#
.######............#
#####'#......#
...#..)...#
#....#......#
#....#......#
#....#......#


You could see a sky beast and a quokka.

Vanquished Creatures
  Menkaure (D:4)
  A sky beast (D:5)
  A hornet zombie (D:5)
  A black bear (D:6)
  A phantom (D:4)
  An ogre (D:5)
  A crimson imp (D:4)
  A hound (D:5)
  An orc priest (D:6)
  A centaur skeleton (D:5)
  A bullfrog skeleton (D:6)
  An iguana (D:5)
  2 worker ants
  A hound zombie (D:5)
  A howler monkey skeleton (D:5)
  8 adders
  3 oozes
  An adder skeleton (D:5)
  2 worms (D:5)
  3 dart slugs
  5 leopard geckos
  16 orcs
  10 bats
  2 giant cockroaches
  8 hobgoblins
  11 jackals
  3 quokkas
  6 frilled lizards
  10 goblins
  13 kobolds
  A leopard gecko skeleton (D:4)
  8 rats
  A spectral orc (D:3)
127 creatures vanquished.

Vanquished Creatures (collateral kills)
  Sigmund (D:4)
  Eustachio (D:4)
  2 orc priests (D:4)
  3 orc wizards (D:4)
  4 jackals (D:4)
11 creatures vanquished.

Vanquished Creatures (others)
  3 plants (D:3)
3 creatures vanquished.

Grand Total: 141 creatures vanquished

Notes
Turn   | Place    | Note
-------+----------+-------------------------------------------
     0 | D:1      | myga the Draconian Fire Elementalist began the quest for
                  | the Orb.
     0 | D:1      | Reached XP level 1. HP: 14/14 MP: 3/3
   126 | D:1      | Reached XP level 2. HP: 14/20 MP: 0/5
   224 | D:1      | Learned a level 2 spell: Throw Flame
   800 | D:1      | Reached XP level 3. HP: 26/26 MP: 3/6
  1130 | D:2      | Found a shattered altar of Ashenzari.
  1309 | D:2      | Learned a level 3 spell: Conjure Flame
  1346 | D:2      | Found a white marble altar of Elyvilon.
  1352 | D:2      | Reached XP level 4. HP: 33/33 MP: 5/7
  1753 | D:2      | Found an iron altar of Okawaru.
  2822 | D:3      | Reached skill level 4 in Fire Magic
  2827 | D:3      | Found a transporter.
  2942 | D:3      | Reached XP level 5. HP: 39/39 MP: 5/9
  3330 | D:3      | Found a sparkling altar of Nemelex Xobeh.
  3335 | D:3      | Became a worshipper of Nemelex Xobeh the Trickster
  3502 | D:3      | Found a transporter.
  3546 | D:3      | Found a basalt altar of Yredelemnul.
  3598 | D:3      | Received a gift from Nemelex Xobeh
  3744 | D:3      | Learned a level 3 spell: Inner Flame
  3770 | D:3      | Noticed caleiya's ghost (amateur GrFi)
  4015 | D:4      | Noticed Menkaure
  4016 | D:4      | Noticed a phantom
  4024 | D:4      | Killed Menkaure
  4024 | D:4      | Reached skill level 1 in Short Blades
  4024 | D:4      | Reached skill level 1 in Invocations
  4024 | D:4      | Reached XP level 6. HP: 46/46 MP: 7/10
  4083 | D:4      | Found a stormy altar of Qazlal.
  4092 | D:4      | Received a gift from Nemelex Xobeh
  4095 | D:4      | Reached * piety under Nemelex Xobeh
  4104 | D:4      | Noticed Eustachio
  4104 | D:4      | Noticed Sigmund
  4105 | D:4      | Noticed a red devil
  4115 | D:4      | Killed Sigmund
  4115 | D:4      | Reached skill level 1 in Fighting
  4125 | D:4      | Your scales start taking on a fiery red colour.
  4125 | D:4      | Reached skill level 5 in Fire Magic
  4125 | D:4      | Reached XP level 7. HP: 46/52 MP: 9/12
  4125 | D:4      | Gained mutation: Your flesh is heat resistant. (rF+) [Red
                  | Draconian growth]
  4135 | D:4      | Killed Eustachio
  4635 | D:4      | Learned a level 4 spell: Sticky Flame
  4718 | D:5      | Entered Level 5 of the Dungeon
  4793 | D:5      | Received a gift from Nemelex Xobeh
  4828 | D:5      | Received a gift from Nemelex Xobeh
  4975 | D:5      | Reached ** piety under Nemelex Xobeh
  5022 | D:5      | Reached skill level 6 in Fire Magic
  5081 | D:5      | Reached XP level 8. HP: 41/59 MP: 2/14
  5321 | D:5      | Received a gift from Nemelex Xobeh
  5529 | D:5      | Found a shimmering altar of Xom.
  5940 | D:6      | Slain by a quokka

Skill      XL: |  1  2  3  4  5  6  7  8 |
---------------+-------------------------+-----
Dodging        | 2 |  2.9
Stealth        | 2 3 4 |  4.2
Fire Magic     | 4 5 6 |  6.5
Conjurations   | 2 3 4 |  4.0
Short Blades   | 1 2 |  2.0
Spellcasting   | 3 4 |  4.5
Invocations    | 1 2 3 4 |  4.0
Fighting       | 1 |  1.5
Staves         | |  0.7

Action                   |  1- 3 |  4- 6 |  7- 9 || total
-------------------------+-------+-------+-------++-------
Melee: Unarmed           |    12 |       |       ||    12
       Whip              |    13 |       |       ||    13
       Tailslap          |     9 |     2 |     8 ||    19
       Dagger            |    32 |    36 |    11 ||    79
       Staff             |       |       |    57 ||    57
Throw: Stone             |     1 |       |       ||     1
 Cast: Flame Tongue      |    47 |    93 |   107 ||   247
       Throw Flame       |       |     1 |     2 ||     3
 Abil: Draw Summoning    |       |     3 |       ||     3
       Draw Destruction  |       |     2 |       ||     2
       Breathe Fire      |       |       |     2 ||     2
  Use: Scroll            |       |     6 |     2 ||     8
       Potion            |       |     2 |       ||     2
 Stab: Sleeping          |     2 |     9 |       ||    11
  Eat: Chunk             |     2 |     8 |     5 ||    15
       Ration            |       |       |     1 ||     1
Armor: Skin              |    17 |    24 |    37 ||    78
Dodge: Dodged            |    53 |    55 |    84 ||   192
